 Dungeon Crawl Stone Soup version 0.29-a0-555-g3b24f45cc1 (webtiles) character file.

Game seed: 558344688602673271

34 xian the Magician (level 3, 0/22 HPs)
             Began as an Octopode Hedge Wizard on June 7, 2022.
             Slain by an adder (3 damage)
             ... on level 2 of the Dungeon.
             The game lasted 00:02:55 (1375 turns).

xian the Magician (Octopode Hedge Wizard)           Turns: 1375, Time: 00:02:56

Health: 0/22       AC:  1    Str:  9    XL:     3   Next: 31%
Magic:  8/17       EV: 13    Int: 18    God:
Gold:   40         SH:  0    Dex: 11    Spells: 7/9 levels left

rFire   . . .      SeeInvis .   a - +0 dagger
rCold   . . .      Faith    .   (no shield)
rNeg    . . .      Spirit   .   b - +0 hat
rPois   .          Reflect  .   (no amulet)
rElec   .          Harm     .   g - ring of magical power
rCorr   .          Rampage  .   (no ring)
Will    .....                   (no ring)
Stlth   +++.......              (no ring)
HPRegen 0.07/turn               (no ring)
MPRegen 0.15/turn               (no ring)
                                (no ring)
                                (no ring)

@: lethally poisoned (0 -> -2), very slightly contaminated
A: almost no armour, amphibious, 8 rings, camouflage 1, gelatinous body 1,
(nimble swimmer 1), tentacles
a: no special abilities


You were on level 2 of the Dungeon.
You visited 1 branch of the dungeon, and saw 2 of its levels.

You collected 40 gold pieces.

Inventory:

Hand Weapons
 a - a +0 dagger (weapon)
Armour
 b - a +0 hat (worn)
 e - a +0 cloak
Jewellery
 g - a ring of magical power (left tentacle)
Scrolls
 d - a scroll of identify
 f - a scroll of teleportation
Potions
 c - a potion of magic


   Skills:
 + Level 0.5 Fighting
 + Level 2.1 Dodging
 + Level 3.3 Stealth
 + Level 3.6 Spellcasting
 + Level 1.2 Conjurations
 + Level 1.0 Summonings
 + Level 1.0 Translocations


You had 7 spell levels left.
You knew the following spells:

 Your Spells              Type           Power      Damage    Failure   Level
a - Magic Dart            Conj           28%        1d4       10%         1
b - Slow                  Hex            12%        N/A       16%         1

Your spell library contained the following spells:

 Spells                   Type           Power      Damage    Failure   Level
 Blink                    Tloc           12%        N/A       16%         2
 Call Imp                 Summ           6%         N/A       16%         2
 Static Discharge         Conj/Air       5%         N/A       19%         2
 Conjure Flame            Conj/Fire      5%         6-21      34%         3
 Mephitic Cloud           Conj/Pois/Air  4%         N/A       36%         3
 Lightning Bolt           Conj/Air       2%         1d14      97%         5
 Maxwell's Capacitive Co  Air            1%         ∞         100%        8


Dungeon Overview and Level Annotations

Branches:
Dungeon (2/15)

Altars:


Innate Abilities, Weirdness & Mutations

You cannot wear most types of armour.
You are amphibious.
You can wear up to eight rings at the same time.
Your skin changes colour to match your surroundings (Stealth+).
Your rubbery body absorbs attacks. (AC +1, EV +1)
((You are camouflaged when in or above water. (Stealth+)))
You have tentacles for arms and can constrict up to eight enemies at once.


Message History

You feel sick.
The magic dart hits the kobold but does no damage.
You feel sick. The kobold hits you with a +0 whip.
You are too injured to fight recklessly!
You feel sick.
Unknown command.
You feel sick.
The kobold throws a stone.
The stone closely misses you.
You feel sick.
You are no longer poisoned.
Your magical contamination has completely faded away.
You are too injured to fight recklessly!
You are too injured to fight recklessly!
You are too injured to fight recklessly!
Aiming: Magic Dart (safe; 10% risk of failure)
Press: ? - help, Q - select action, (/) - cycle Shift-Dir - straight line, f/p - kobold
Aim: a kobold, wielding a +0 whip and quivering stones (100% to hit)
The magic dart hits the kobold.
The kobold is heavily wounded.
Aiming: Magic Dart (safe; 10% risk of failure)
Press: ? - help, Q - select action, (/) - cycle Shift-Dir - straight line, f/p - kobold
Aim: a kobold, wielding a +0 whip and quivering stones (heavily wounded, 100% to hit)
The magic dart hits the kobold.
You kill the kobold!
Aiming: Magic Dart (safe; 10% risk of failure)
Press: ? - help, Q - select action, (/) - cycle Shift-Dir - straight line, f - adder
Aim: an adder (100% to hit)
The magic dart hits the adder but does no damage.
The adder bites you.
* * * LOW HITPOINT WARNING * * *
You are poisoned.
The adder poisons you! The adder closely misses you.
Aiming: Magic Dart (safe; 10% risk of failure)
Press: ? - help, Q - select action, (/) - cycle Shift-Dir - straight line, f/p - adder
Aim: an adder (100% to hit)
You miscast Magic Dart.
You are very lightly contaminated with residual magic.
Nothing appears to happen.
* * * LOW HITPOINT WARNING * * *
You feel sick. The adder bites you.
You die...

# ..##.####
.#############
...l..†.#
..............
#.#
#######.######
#.# #.....#
#l# #.###.#
#S# #.#<#.#
#@#####.#.#.#
#.....†.#.#.#
#########.#.#
#......#.#
#........#
##########


You could see an adder and a frilled lizard.

Vanquished Creatures
  An adder (D:2)
  A ball python (D:1)
  3 bats (D:1)
  5 endoplasms (D:1)
  A giant cockroach (D:1)
  2 hobgoblins (D:1)
  4 kobolds
  A quokka (D:2)
  A frilled lizard (D:1)
  4 rats (D:1)
23 creatures vanquished.

Notes
Turn   | Place    | Note
-------+----------+-------------------------------------------
     0 | D:1      | xian the Octopode Hedge Wizard began the quest for the Orb.
     0 | D:1      | Reached XP level 1. HP: 11/11 MP: 4/4
   148 | D:1      | Learned a level 1 spell: Slow
   221 | D:1      | Reached XP level 2. HP: 7/17 MP: 6/6
  1228 | D:2      | Reached XP level 3. HP: 13/22 MP: 8/8
  1375 | D:2      | Slain by an adder

Illustrated notes

Levels and vault maps discovered:
D:1:      dpeg_arrival_radiant, layout_rooms, grunt_decor_cap,
          minmay_close_crescents
D:2:      layout_basic

Skill      XL: |  1  2 |
---------------+-------+-----
Stealth        | 3 |  3.3
Fighting       | |  0.5
Dodging        | |  2.1
Spellcasting   | |  3.6
Conjurations   | |  1.2
Summonings     | |  1.0
Translocations | |  1.0

Action                   || total
-------------------------++-------
Melee: Dagger            ||    23
       Tentacles         ||     4
       Constrict         ||     3
       Punch             ||     1
 Cast: Magic Dart        ||    42
       Slow              ||     1
  Use: Scroll            ||     2
 Stab: Sleeping          ||     1
Armor: Skin              ||     1
Dodge: Dodged            ||    20

Table legend: (Time is in decaauts)
 A = Elapsed time spent in this place.
 B = Non-inter-level travel time spent in this place.
 C = Inter-level travel time spent in this place.
 D = Time resting spent in this place.
 E = Time spent auto-exploring this place.
 F = Levels seen in this place.
 G = Mean time per level.
                   A        B        C        D        E       F      G
               +--------+--------+--------+--------+--------+-----+--------+
         Total |   1374 |   1360 |     14 |      0 |   1173 |   2 |  687.0 |
       Dungeon |   1374 |   1360 |     14 |      0 |   1173 |   2 |  687.0 |
               +--------+--------+--------+--------+--------+-----+--------+

Top non-repeatable levels by time:
     D:1: 1121 daAuts
     D:2: 253 daAuts
